 Dungeon Crawl Stone Soup version 0.22.1-6-g1668fe2c40 (webtiles) character file.

7928 Kohma the Grappler (level 11, -6/111 HPs)
             Began as a Troll Monk on Jan 23, 2019.
             Was a High Priest of Dithmenos.
             Mangled by an unseen horror (9 damage)
             ... on level 10 of the Dungeon.
             The game lasted 00:29:42 (9876 turns).

Kohma the Grappler (Troll Monk)                     Turns: 9876, Time: 00:29:43

Health: -6/111     AC:  7    Str: 21    XL:     11   Next: 3%
Magic:  12/12      EV: 21    Int:  6    God:    Dithmenos [*****.]
Gold:   722        SH:  0    Dex: 20    Spells: 10/10 levels left

rFire    . . .     SeeInvis .     - Unarmed
rCold    . . .     Gourm    +   (no shield)
rNeg     . . .     Faith    .   a - +0 robe
rPois    .         Spirit   .   l - +0 hat
rElec    .         Reflect  .   p - +1 cloak
rCorr    +         Harm     .   (gloves unavailable)
MR       .....                  (boots unavailable)
Stlth    +++++.....             (no amulet)
HPRegen  0.68/turn              x - ring of resist corrosion
MPRegen  0.13/turn              (no ring)

@: agile, berserk cooldown, slowed, wreathed by umbra, very slow
A: large, unfitting armour, claws 3, fast metabolism 3, gourmand, regeneration
1, shaggy fur 1, tough skin 2
a: Shadow Step, Shadow Form, Renounce Religion


You were on level 10 of the Dungeon.
You worshipped Dithmenos.
Dithmenos was extremely pleased with you.
You were very full.

You visited 2 branches of the dungeon, and saw 11 of its levels.
You also visited: Sewer.

You collected 722 gold pieces.

Inventory:

Missiles
 e - 229 stones
 s - a throwing net (quivered)
Armour
 a - a +0 robe (worn)
 l - a +0 hat (worn)
 p - a +1 cloak (worn)
Jewellery
 x - a ring of resist corrosion (left claw)
Wands
 d - a wand of disintegration (20)
 t - a wand of digging (28)
 z - a wand of acid (6)
 A - a wand of enslavement (11)
 E - a wand of polymorph (16)
Scrolls
 c - 3 scrolls of fog
 g - 8 scrolls of teleportation
 h - a scroll of enchant weapon
 w - 4 scrolls of remove curse
 y - 2 scrolls of identify
Potions
 f - a potion of mutation
 i - 3 potions of flight
 j - a potion of agility
 m - a potion of heal wounds {unknown}
 n - 3 potions of lignification
 o - 2 potions of resistance
 q - 4 potions of brilliance
 r - 2 potions of might
 u - a potion of ambrosia {unknown}
 v - 2 potions of cancellation {unknown}
 B - a potion of curing {unknown}
Comestibles
 b - 26 rations


   Skills:
 + Level 8.1 Fighting
 + Level 8.1 Dodging
 - Level 1.0 Stealth
 * Level 10.6 Unarmed Combat
 * Level 3.9 Invocations


You had 10 spell levels left.
You didn't know any spells.
Your spell library contained the following spells:

 Spells                   Type           Power        Failure   Level  Hunger
 Corona                   Hex            #......      45%         1    ##.....
 Slow                     Hex            #.......     58%         2    ###....
 Inner Flame              Hex/Fire       #.......     83%         3    ####...
 Portal Projectile        Hex/Tloc       #.....       83%         3    ####...
 Cause Fear               Hex            #.........   99%         4    #####..
 Leda's Liquefaction      Hex/Erth       #.........   99%         4    #####..


Dungeon Overview and Level Annotations

Branches:
Dungeon (10/15)            Temple (1/1) D:7            Lair (0/6) D:9
    Orc: D:9-12

Altars:
Ashenzari
Cheibriados
Dithmenos
Elyvilon
Fedhas
Gozag
Hepliaklqana
Kikubaaqudgha
Makhleb
Nemelex Xobeh
Okawaru
Qazlal
Ru
Sif Muna
Trog
Uskayaw
Vehumet
Wu Jian
Xom
Yredelemnul
Zin
The Shining One
Beogh

Annotations:
D:9 3 runed doors, exclusion: 3 doors, Anmu's ghost, journeyman FoFi


Innate Abilities, Weirdness & Mutations

You are too large for most types of armour.
You have claws for hands.
Your metabolism is lightning-fast.
You like to eat raw meat.
Your natural rate of healing is unusually fast.
You are covered in fur. (AC +1)
You have very tough skin. (AC +2)


Message History

You are exhausted.
You feel yourself slow down. Something hits you.
* * * LOW HITPOINT WARNING * * *
You closely miss something. Something hits you.
* * * LOW HITPOINT WARNING * * *
Something hits you but does no damage. Something barely misses you.
Something hits you.
* * * LOW HITPOINT WARNING * * *
You scratch something but do no damage. Something barely misses you.
Something hits you.
* * * LOW HITPOINT WARNING * * *
Something barely misses you.
You claw something! Something hits you!
* * * LOW HITPOINT WARNING * * *
Something hits you.
* * * LOW HITPOINT WARNING * * *
Okay, then.
You feel agile all of a sudden. Something hits you but does no damage.
Something hits you!
You die...

#...............#.#....#...
#..........######.#....#...
#...######.#......#....#...
#...# #.#......######...
#...# #.#...............
#...# #.#....########...
#...# #.#....# #... ##...#
#.#....# #..< #....#
#@#....# #... #....#
#{##...# #... #....#
#..#...########... #....#
#..'..............
#....######..####...........
#...............#...........
#...............#...........
#...............#...........
#...............#...........


There were no monsters in sight!

Vanquished Creatures
  Gastronok (D:10)
  Pikel (D:6)
  Psyche (D:9)
  A hornet (D:9)
  2 hippogriffs
  A wyvern (D:9)
  Eustachio (D:4)
  A water moccasin (D:7)
  6 orc warriors
  4 ice beasts
  4 sky beasts
  9 ogres
  2 phantoms (D:4)
  3 centaurs
  2 crocodiles (D:9)
  Blork the orc (D:4)
  3 bullfrogs
  A wyvern zombie (D:9)
  A wyvern skeleton (D:9)
  A water moccasin zombie (D:5)
  A scorpion (D:6)
  6 howler monkeys
  6 crimson imps
  A bullfrog zombie (D:5)
  3 hounds
  3 jellies
  A bullfrog skeleton (D:7)
  2 centaur skeletons
  6 orc priests
  3 iguanas
  Ijyb (D:4)
  7 orc wizards
  5 worker ants
  2 hound skeletons
  A worker ant zombie (D:6)
  3 gnolls (D:4)
  A river rat (D:4)
  11 adders
  A shadow imp (D:6)
  5 oozes
  11 worms
  4 adder skeletons
  2 dart slugs (D:4)
  5 leopard geckos
  37 orcs
  5 ball pythons
  9 giant cockroaches
  4 goblins
  7 hobgoblins
  12 jackals
  5 quokkas
  13 bats
  4 frilled lizards
  9 rats
242 creatures vanquished.

Vanquished Creatures (others)
  A wizard (D:10)
1 creature vanquished.

Grand Total: 243 creatures vanquished

Notes
Turn   | Place    | Note
-------+----------+-------------------------------------------
     0 | D:1      | Kohma the Troll Monk began the quest for the Orb.
     0 | D:1      | Reached XP level 1. HP: 22/22 MP: 0/0
   100 | D:1      | Reached XP level 2. HP: 29/29 MP: 1/1
   678 | D:2      | Reached XP level 3. HP: 35/36 MP: 2/2
   739 | D:2      | Reached XP level 4. HP: 36/45 MP: 3/3
  1120 | D:2      | Found a shadowy altar of Dithmenos.
  1225 | D:2      | Became a worshipper of Dithmenos the Shadowed
  1225 | D:2      | Reached * piety under Dithmenos
  1225 | D:2      | Reached ** piety under Dithmenos
  1547 | D:3      | Found a white marble altar of Elyvilon.
  1700 | D:3      | Found a hazy altar of Hepliaklqana.
  2324 | D:4      | Noticed an ogre
  2338 | D:4      | Killed an ogre
  2338 | D:4      | Reached skill level 4 in Unarmed Combat
  2338 | D:4      | Reached XP level 5. HP: 53/53 MP: 4/4
  2461 | D:4      | Noticed a phantom
  2483 | D:4      | Killed a phantom
  2483 | D:4      | Reached XP level 6. HP: 60/62 MP: 5/5
  2591 | D:4      | Found a glowing drain.
  2600 | Sewer    | Entered a sewer
  2799 | Sewer    | Reached *** piety under Dithmenos
  3234 | D:4      | Reached skill level 5 in Unarmed Combat
  3261 | D:4      | Noticed Blork the orc
  3263 | D:4      | Noticed Eustachio
  3290 | D:4      | Killed Eustachio
  3290 | D:4      | Reached XP level 7. HP: 66/71 MP: 6/6
  3318 | D:4      | Killed Blork the orc
  3559 | D:4      | Found an iron altar of Okawaru.
  3683 | D:4      | Noticed Ijyb
  3700 | D:4      | Killed Ijyb
  3929 | D:4      | Found a shimmering altar of Xom.
  3930 | D:4      | Found a glowing silver altar of Zin.
  3930 | D:4      | Noticed an angel
  4217 | D:5      | Entered Level 5 of the Dungeon
  4234 | D:5      | Found a radiant altar of Vehumet.
  4239 | D:5      | Found a stormy altar of Qazlal.
  4362 | D:5      | Reached skill level 5 in Dodging
  4362 | D:5      | Reached skill level 6 in Unarmed Combat
  4432 | D:5      | Reached skill level 5 in Fighting
  4506 | D:5      | Found a bloodstained altar of Trog.
  4556 | D:5      | Reached XP level 8. HP: 80/80 MP: 7/7
  5285 | D:6      | Noticed Pikel
  5299 | D:6      | Killed Pikel
  5299 | D:6      | Reached skill level 7 in Unarmed Combat
  5600 | D:6      | Reached **** piety under Dithmenos
  5632 | D:6      | Reached XP level 9. HP: 89/89 MP: 8/8
  5692 | D:6      | Found an ancient bone altar of Kikubaaqudgha.
  6152 | D:7      | Found an ornate altar of the Wu Jian Council.
  6387 | D:7      | Reached skill level 8 in Unarmed Combat
  6676 | D:7      | Found a staircase to the Ecumenical Temple.
  6710 | Temple   | Entered the Ecumenical Temple
  7488 | D:8      | Found a blossoming altar of Fedhas.
  7503 | D:8      | Reached skill level 9 in Unarmed Combat
  7546 | D:8      | Found a sacrificial altar of Ru.
  7682 | D:8      | Reached XP level 10. HP: 102/102 MP: 9/9
  7918 | D:9      | Found a bloodstained altar of Trog.
  8247 | D:9      | Reached ***** piety under Dithmenos
  8269 | D:9      | Found a roughly hewn altar of Beogh.
  8565 | D:9      | Reached skill level 1 in Invocations
  8950 | D:9      | Found a runed gate.
  8951 | D:9      | Found a runed gate.
  8952 | D:9      | Found a runed gate.
  8953 | D:9      | Noticed Anmu's ghost (journeyman FoFi)
  8982 | D:9      | Found a staircase to the Lair.
  8993 | D:9      | Noticed Psyche
  9000 | D:9      | Killed Psyche
  9000 | D:9      | Reached skill level 10 in Unarmed Combat
  9205 | D:10     | Entered Level 10 of the Dungeon
  9392 | D:10     | Found a bloodstained altar of Trog.
  9394 | D:10     | Noticed a wizard
  9399 | D:10     | Killed a wizard
  9503 | D:10     | Noticed Gastronok
  9544 | D:10     | Killed Gastronok
  9593 | D:10     | Reached XP level 11. HP: 111/111 MP: 12/12
  9875 | D:10     | HP: 2/111 [something (5)]
  9876 | D:10     | Mangled by an unseen horror

Skill      XL: |  1  2  3  4  5  6  7  8  9 10 |
---------------+-------------------------------+-----
Fighting       | 3 4 5 6 7 8 |  8.1
Dodging        | 3 4 5 6 7 8 |  8.1
Unarmed Combat | 4 5 6 7 9 10 | 10.6
Invocations    | 3 |  3.9
Stealth        | |  1.0

Action                   |  1- 3 |  4- 6 |  7- 9 | 10-12 || total
-------------------------+-------+-------+-------+-------++-------
Melee: Unarmed           |    67 |   187 |   294 |   209 ||   757
       Punch             |     1 |     2 |     8 |    13 ||    24
  Use: Scroll            |       |    11 |       |    10 ||    21
       Potion            |       |     1 |       |     2 ||     3
 Stab: Sleeping          |     1 |    10 |     6 |     5 ||    22
       Distracted        |       |       |       |     1 ||     1
  Eat: Chunk             |    12 |    25 |    41 |    18 ||    96
Armor: Robe              |    21 |    47 |    48 |    37 ||   153
Dodge: Dodged            |    27 |   147 |   191 |   148 ||   513
